 Dungeon Crawl Stone Soup version 0.19-a0-1622-g1bbd97d (webtiles) character file.

1724 Ayre the Nimble (level 8, 37/37 HPs)
             Began as a Felid Transmuter on Sept 18, 2016.
             Got out of the dungeon alive.
             The game lasted 01:10:15 (8736 turns).

Ayre the Nimble (Felid Transmuter)                  Turns: 8736, Time: 01:10:15

Health: 37/37      AC:  2    Str:  9    XL:     8   Next: 75%
Magic:  16/16      EV: 24    Int: 15    God:
Gold:   411        SH:  0    Dex: 16    Spells: 5 memorised, 3 levels left
                                        Lives:  0   Deaths: 2

rFire  . . .     SeeInvis +       - Unarmed
rCold  . . .     Gourm    .     (armour unavailable)
rNeg   + . .     Faith    .     (shield unavailable)
rPois  +         Spirit   .     (helmet unavailable)
rElec  .         Dismiss  .     (cloak unavailable)
rCorr  .         Reflect  .     (gloves unavailable)
MR     +....     Harm     .     (boots unavailable)
Stlth  ++++......               t - amulet of magic regeneration
                                z - ring of poison resistance
                                l - ring of positive energy

@: quick
A: no armour, no weapons or thrown items, claws 1, fangs 3, see invisible,
carnivore 3, speed 1, shaggy fur 2, slow metabolism 1, sharp paws
a: no special abilities


You escaped.
You were full.

You visited 2 branches of the dungeon, and saw 9 of its levels.

You collected 411 gold pieces.

Inventory:

Missiles
 a - 155 arrows
 g - 5 poisoned needles
Jewellery
 l - a ring of positive energy (left paw)
 t - an amulet of magic regeneration (around neck)
 z - a ring of poison resistance (right paw)
 K - an uncursed ring of ice
Wands
 o - a wand of random effects (8/48)
 u - a wand of paralysis (14/24)
 C - a wand of acid (8/15)
 E - a wand of slowing (23/48)
 H - a wand of digging (7/24)
 I - a wand of digging (7/24)
 J - a wand of polymorph (12/24)
Scrolls
 d - 5 scrolls of teleportation
 f - 9 scrolls of identify
 i - a scroll of random uselessness {unknown}
 m - a scroll of fog {unknown}
 n - 2 scrolls of fear {unknown}
 p - a scroll of noise {unknown}
 q - a scroll of recharging {unknown}
 v - 4 scrolls of blinking {unknown}
 G - 2 scrolls of remove curse
 M - a scroll of magic mapping {unknown}
Potions
 e - 3 potions of agility
 h - 5 potions of curing {unknown}
 j - 2 potions of lignification
 k - a potion of mutation {unknown}
 s - 2 potions of flight {unknown}
 x - 2 potions of ambrosia
 B - a potion of might
 D - a potion of cure mutation {unknown}
Books
 b - a book of Changes

   Spells                             Type                      Level
   a - Beastly Appendage              Transmutation                1
   b - Sticks to Snakes               Transmutation                2
   c - Spider Form                    Transmutation/Poison         3
   d - Ice Form                       Ice/Transmutation            4
   e - Blade Hands                    Transmutation                5
 r - Kikubaaqudgha's Papyrus of Evil
   (You found it on level 2 of the Dungeon)

   Spells                             Type                      Level
   a - Pain                           Necromancy                   1
 y - a book of Conjurations

   Spells                             Type                      Level
   a - Magic Dart                     Conjuration                  1
   b - Searing Ray                    Conjuration                  2
   c - Dazzling Spray                 Conjuration/Hexes            3
   d - Fulminant Prism                Conjuration/Hexes            4
   e - Iskenderun's Mystic Blast      Conjuration                  4
   f - Iskenderun's Battlesphere      Conjuration/Charms           5
Comestibles
 c - 5 meat rations
 w - 4 beef jerkies
 F - a slice of pizza


   Skills:
 + Level 5.4 Fighting
 + Level 8.1 Dodging
 + Level 5.5 Stealth
 * Level 6.1 Unarmed Combat
 + Level 4.6 Spellcasting
 - Level 2.0 Conjurations
 - Level 4.0 Hexes
 + Level 6.8 Transmutations
 - Level 1.3 Ice Magic
 - Level 1.2 Poison Magic
 - Level 3.0 Evocations


You had 3 spell levels left.
You knew the following spells:

 Your Spells              Type           Power        Failure   Level  Hunger
a - Beastly Appendage     Tmut           ###...       1%          1    None
b - Sticks to Snakes      Tmut           ###.....     1%          2    ##.....
c - Spider Form           Tmut/Pois      ###.......   12%         3    ###....
d - Ice Form              Ice/Tmut       ###.....     34%         4    ####...
e - Dazzling Spray        Conj/Hex       ##....       17%         3    ###....


Dungeon Overview and Level Annotations

Branches:
Dungeon (8/15)             Temple (1/1) D:7
   Lair: D:8-11

Altars:
Ashenzari
Cheibriados
Elyvilon
Fedhas
Hepliaklqana
Kikubaaqudgha
Makhleb
Nemelex Xobeh
Okawaru
Qazlal
Ru
Sif Muna
Trog
Vehumet
Xom
Yredelemnul
The Shining One

Annotations:
D:3 Natasha


Innate Abilities, Weirdness & Mutations

You cannot wear armour.
You are incapable of wielding weapons or throwing items.
You have sharp claws.
You have razor-sharp teeth.
You have supernaturally acute eyesight. (SInv)
You are carnivorous and can eat meat at any time.
You cover ground quickly.
You are covered in thick fur. (AC +2)
You have a slow metabolism.
Your sharp claws are effective at attacking unaware monsters.


Message History

You climb upwards.
There is a stone staircase leading down here.
There is a stone staircase leading up here.
You climb upwards.
There is a stone staircase leading down here.
There is an escape hatch in the floor here.
You see here a chain mail.
Natasha, Servant of Life and Death comes into view.
There is a stone staircase leading up here.
You climb upwards.
There is a stone staircase leading down here.
(D) Dungeon (T) Temple
Where to? (Enter - D:1 @ (x,y), ? - help)
What level of the Dungeon? (default 1, ? - help)
There is a stone staircase leading up here.
You climb upwards.
There is a stone staircase leading down here.
There is a staircase leading out of the dungeon here.
Are you sure you want to leave the Dungeon?
This will make you lose the game!
You have escaped!

#..# #.##.##.....#.#
#.#.#...
###.######.##......#...#
#.#.....
...........#..####..####
#.#####. ###..#######.##
##.# #.# #... ##.#######.#
#.######.# #.## #.........##
##....).#.# #...
##...≈≈≈§..####..≈≈≈≈...#
####
#####..≈≈§≈§≈§...[.≈≈≈≈≈≈..#
...##..≈§≈≈≈§.§>@..≈≈≈≈≈≈..#
...##..≈≈≈≈≈§§.....≈≈≈≈≈≈..#
...##...≈≈§≈[..#....≈≈≈≈...#
...##............>.........#
...###.......#............##
...# #######...##.#########
...# ######.###### ##
...####### ###.#....# #.
.........# #...#.##.# #.


There were no monsters in sight!

Vanquished Creatures
  Pikel (D:4)
  A gargoyle (D:6)
  Grinder (D:3)
  A hippogriff (D:7)
  A water moccasin (D:6)
  An orc warrior (D:6)
  A sky beast (D:7)
  An ice beast (D:7)
  4 ogres
  2 centaurs
  A big kobold (D:7)
  Blork the orc (D:4)
  4 bullfrogs
  2 scorpions
  2 centaur zombies
  2 howler monkeys (D:7)
  6 crimson imps
  4 hounds
  A centaur skeleton (D:4)
  A bullfrog skeleton (D:6)
  3 orc wizards
  Natasha (twice) (D:3)
  3 worker ants
  A hound zombie (D:4)
  2 worker ant zombies
  A howler monkey skeleton (D:4)
  13 adders
  An ooze (D:6)
  An adder zombie (D:5)
  An adder skeleton (D:4)
  5 worms
  2 dart slugs
  4 leopard geckos
  25 orcs
  2 ball pythons
  5 giant cockroaches
  10 hobgoblins
  3 jackals (D:2)
  12 kobolds
  5 quokkas
  5 bats
  2 frilled lizards
  9 goblins
  7 rats
162 creatures vanquished.

Vanquished Creatures (collateral kills)
  An orc wizard (D:8)
  A gnoll (D:1)
2 creatures vanquished.

Vanquished Creatures (others)
  A slave (D:4)
1 creature vanquished.

Grand Total: 165 creatures vanquished

Notes
Turn   | Place    | Note
-------+----------+-------------------------------------------
     0 | D:1      | Ayre the Felid Transmuter began the quest for the Orb.
     0 | D:1      | Reached XP level 1. HP: 9/9 MP: 4/4
   178 | D:1      | Reached XP level 2. HP: 3/12 MP: 6/6
   404 | D:1      | Learned a level 2 spell: Sticks to Snakes
   449 | D:1      | Reached skill level 1 in Stealth
  1149 | D:1      | Reached XP level 3. HP: 15/15 MP: 5/7
  1349 | D:2      | Learned a level 3 spell: Spider Form
  1373 | D:2      | Reached skill level 3 in Dodging
  2330 | D:2      | Reached XP level 4. HP: 19/19 MP: 8/8
  2476 | D:2      | Found an ancient bone altar of Kikubaaqudgha.
  2482 | D:2      | Found a deep blue altar of Sif Muna.
  2489 | D:2      | Found a radiant altar of Vehumet.
  2491 | D:2      | Identified Kikubaaqudgha's Papyrus of Evil
  3094 | D:3      | Found a shattered altar of Ashenzari.
  3098 | D:3      | Saw a vision of the Shoals and the Snake Pit.
  3098 | D:3      | Noticed a sea snake
  3098 | D:3      | Noticed a merfolk
  3098 | D:3      | Noticed a salamander
  3098 | D:3      | Noticed a naga warrior
  3098 | D:3      | Noticed a mana viper
  3098 | D:3      | Noticed an anaconda
  3098 | D:3      | Noticed a naga ritualist
  3098 | D:3      | Noticed a naga
  3098 | D:3      | Noticed a naga ritualist
  3098 | D:3      | Noticed a naga ritualist
  3098 | D:3      | Noticed a naga
  3098 | D:3      | Noticed a naga
  3098 | D:3      | Noticed a naga
  3099 | D:3      | Noticed a black mamba
  3201 | D:3      | Noticed Grinder
  3317 | D:3      | Killed Grinder
  3317 | D:3      | Reached skill level 4 in Dodging
  3317 | D:3      | Reached skill level 1 in Poison Magic
  3317 | D:3      | Reached skill level 1 in Evocations
  3317 | D:3      | Reached XP level 5. HP: 5/23 MP: 9/9
  3317 | D:3      | Gained mutation: You are covered in thick fur. (AC +2) [Felid growth]
  3317 | D:3      | Reached XP level 6. HP: 6/27 MP: 10/10
  3835 | D:3      | Noticed Natasha
  3847 | D:3      | Killed Natasha
  3934 | D:3      | Noticed Natasha
  3957 | D:3      | Killed Natasha
  4076 | D:4      | Noticed Blork the orc
  4096 | D:4      | Mangled by an ogre
  4097 | D:4      | Reached XP level 5. HP: -8/24 MP: 9/9
  4107 | D:4      | Killed an ogre
  4107 | D:4      | Reached XP level 6. HP: 24/28 MP: 6/10
  4113 | D:4      | Killed Blork the orc
  4113 | D:4      | Reached skill level 5 in Dodging
  4324 | D:4      | Learned a level 4 spell: Ice Form
  4335 | D:4      | Noticed a slave
  4335 | D:4      | Noticed a slave
  4335 | D:4      | Noticed a slave
  4360 | D:4      | Reached XP level 7. HP: 31/31 MP: 12/12
  4831 | D:4      | Noticed Pikel
  4893 | D:4      | Killed Pikel
  4893 | D:4      | Reached skill level 6 in Dodging
  4893 | D:4      | Reached skill level 5 in Transmutations
  4893 | D:4      | Reached skill level 1 in Ice Magic
  4893 | D:4      | Reached XP level 8. HP: 11/36 MP: 12/14
  5371 | D:5      | Entered Level 5 of the Dungeon
  5585 | D:5      | Reached skill level 5 in Stealth
  5735 | D:5      | Learned a level 3 spell: Dazzling Spray
  6209 | D:6      | Reached skill level 1 in Hexes
  6443 | D:6      | Reached skill level 7 in Dodging
  6464 | D:6      | Reached skill level 1 in Conjurations
  6642 | D:6      | Noticed a gargoyle
  6664 | D:6      | Killed a gargoyle
  6664 | D:6      | Reached skill level 5 in Unarmed Combat
  6664 | D:6      | Reached XP level 9. HP: 40/40 MP: 12/16
  7353 | D:6      | Reached skill level 5 in Fighting
  7919 | D:7      | Found a staircase to the Ecumenical Temple.
  7924 | Temple   | Entered the Ecumenical Temple
  8106 | D:7      | Reached skill level 8 in Dodging
  8524 | D:8      | Killed from afar by an orc wizard
  8525 | D:8      | Reached XP level 8. HP: 0/55 MP: 13/15
  8541 | D:8      | Found a shimmering altar of Xom.
  8709 | D:3      | Noticed Natasha
  8736 | D:$      | Got out of the dungeon alive.

Vault maps used:
D:1:      dpeg_arrival_pits
D:2:      grunt_temple_overflow_magic_moments
D:3:      grunt_ashenzari_visionary, uniq_natasha, uniq_grinder
D:4:      first_bread, minmay_misc_feat_doors, uniq_blork_the_orc, uniq_pikel
D:6:      minmay_cornered_nines
D:8:      lemuel_coloured_pillars_altar, grunt_livestock,
          minmay_item_behind_shaft, xom_redecorated
Temple:   eino_temple_water

Skill      XL: |  1  2  3  4  5  6  7  8  9 |
---------------+----------------------------+-----
Stealth        | 2 3 4 5 |  5.5
Dodging        | 3 4 5 6 7 8 |  8.1
Transmutations | 3 4 5 6 |  6.8
Fighting       | 2 3 4 5 |  5.4
Poison Magic   | 1 |  1.2
Evocations     | 1 2 3 |  3.0
Spellcasting   | 3 4 |  4.6
Unarmed Combat | 4 5 6 |  6.1
Ice Magic      | 1 |  1.3
Hexes          | 2 4 |  4.0
Conjurations   | 1 2 |  2.0

Action                   |  1- 3 |  4- 6 |  7- 9 || total
-------------------------+-------+-------+-------++-------
Melee: Unarmed           |   112 |   129 |   310 ||   551
       Headbutt          |     7 |     6 |     2 ||    15
       Bite              |     6 |    14 |     8 ||    28
       Punch             |     1 |     1 |     1 ||     3
 Cast: Beastly Appendage |    12 |     9 |     2 ||    23
       Sticks to Snakes  |     2 |       |     1 ||     3
       Spider Form       |       |     3 |    17 ||    20
       Ice Form          |       |       |     5 ||     5
       Dazzling Spray    |       |       |     2 ||     2
 Abil: End Transformatio |       |       |     2 ||     2
Evoke: Wand              |       |     2 |       ||     2
  Use: Potion            |       |     6 |     2 ||     8
       Scroll            |       |     5 |     1 ||     6
 Stab: Sleeping          |     5 |    12 |    13 ||    30
       Distracted        |       |     2 |       ||     2
       Paralysed         |       |     1 |       ||     1
  Eat: Chunk             |    11 |    10 |    14 ||    35
Armor: Skin              |     4 |    12 |    12 ||    28
Dodge: Dodged            |    87 |    81 |   311 ||   479
